 Dungeon Crawl Stone Soup version 0.21-a0-24-ga372141 (webtiles) character file.

2 Manul the Ducker (level 1, -1/11 HPs)
             Began as a Spriggan Abyssal Knight on May 25, 2017.
             Was an Initiate of Lugonu.
             Slain by a hobgoblin
             ... wielding a +0 club
              (4 damage)
             ... on level 1 of the Dungeon.
             The game lasted 00:00:23 (488 turns).

Manul the Ducker (Spriggan Abyssal Knight)           Turns: 488, Time: 00:00:23

Health: -1/11      AC:  2    Str:  8      XL:     1   Next: 33%
Magic:  3/3        EV: 18    Int: 13      God:    Lugonu [......]
Gold:   22         SH:  0    Dex: 13 (15) Spells: 0/0 levels left

rFire    . . .     SeeInvis +   d - +5 mace of a sewer {flame, *Drain rPois rC+ rN+++ MR+}
rCold    + . .     Gourm    .   (shield restricted)
rNeg     + + +     Faith    .   b - +0 robe
rPois    +         Spirit   .   (helmet restricted)
rElec    .         Reflect  .   (no cloak)
rCorr    .         Harm     .   (gloves unavailable)
MR       +....                  (boots unavailable)
Stlth    +.........             (no amulet)
Regen    0.1/turn               (no ring)
MPRegen  0.1/turn               (no ring)

@: very quick
A: unfitting armour, see invisible, herbivore 3, speed 3, slow metabolism 2
a: Renounce Religion


You were on level 1 of the Dungeon.
You worshipped Lugonu.
Lugonu was noncommittal.
You were not hungry.

You visited 1 branch of the dungeon, and saw 1 of its levels.
You visited the Abyss 1 time.

You collected 22 gold pieces.

Inventory:

Hand Weapons
 a - a +1 short sword
 d - the +5 mace of a sewer (weapon) {flame, *Drain rPois rC+ rN+++ MR+}
   (You found it on level 2 of the Abyss)

   It has been specially enchanted to burn those struck by it, causing extra
   injury to most foes and up to half again as much damage against particularly
   susceptible opponents.
   It protects you from cold.
   It protects you from poison.
   It renders you almost immune to negative energy.
   It affects your resistance to hostile enchantments.
   It causes draining when unequipped.
Armour
 b - a +0 robe (worn)
Scrolls
 e - a scroll of teleportation {unknown}
 f - 2 scrolls of fog {unknown}
Comestibles
 c - a bread ration


   Skills:
 + Level 2.5 Fighting
 + Level 2.1 Short Blades
 + Level 3.7 Dodging
 + Level 1.7 Invocations


You couldn't memorise any spells.
You didn't know any spells.

Dungeon Overview and Level Annotations

Branches:
Dungeon (1/15)

Altars:


Innate Abilities, Weirdness & Mutations

You are very small and have problems with some larger weapons.
You are too small for most types of armour.
You have supernaturally acute eyesight. (SInv)
You are a herbivore.
You cover ground extremely quickly.
You need consume almost no food.


Message History

The hobgoblin is severely wounded.
The rat closely misses you. The hobgoblin hits you with a club.
* * * LOW HITPOINT WARNING * * *
The rat barely misses you.
You are too injured to fight recklessly!
You are too injured to fight recklessly!
You are too injured to fight recklessly!
You are too injured to fight recklessly!
You are too injured to fight recklessly!
You are too injured to fight recklessly!
You are too injured to fight recklessly!
You are too injured to fight recklessly!
You are too injured to fight recklessly!
You are too injured to fight recklessly!
You are too injured to fight recklessly!
You are too injured to fight recklessly!
You closely miss the hobgoblin.
The hobgoblin is severely wounded.
The hobgoblin hits you with a club.
You die...

.. ...........# #.#
.#..........##. ).
.)............ #.##
............. #..#
...........## ##.#
..........?.# ##...
......†gr...# ####....
.......@....## ##....###
.............# #....##≈≈
.........%...###.#.##≈≈≈
...............#..##≈≈P.
..................#≈≈≈..
....####..........#≈P.8.
.... #..........#≈≈≈..
... #..........##≈≈P. ..
#...........##≈≈≈


You could see a hobgoblin and a rat.

Vanquished Creatures
  A leopard gecko (D:1)
  A rat (D:1)
2 creatures vanquished.

Notes
Turn   | Place    | Note
-------+----------+-------------------------------------------
     0 | Abyss:1  | Manul the Spriggan Abyssal Knight began the quest for the Orb.
     0 | Abyss:1  | Reached XP level 1. HP: 11/11 MP: 3/3
    10 | Abyss:2  | Noticed a worldbinder
    12 | Abyss:2  | Noticed a shadow
    13 | Abyss:2  | Noticed a wraith
    19 | Abyss:2  | Noticed a quasit
    19 | Abyss:2  | Noticed a starcursed mass
    22 | Abyss:2  | Noticed a large abomination
    29 | Abyss:2  | Got a faintly glowing mace
    30 | D:1      | Escaped the Abyss
    31 | D:1      | Identified the +5 mace of a sewer {flame, *Drain rPois rC+ rN+++ MR+} (You found it on level 2 of the Abyss)
   488 | D:1      | Slain by a hobgoblin

Vault maps used:
D:1:      lightli_arrival_statuegarden
Abyss:2:  hangedman_abyss_or_decor_stagger

Action                   || total
-------------------------++-------
Melee: Mace              ||    11
Invok: Depart the Abyss  ||     1
Armor: Robe              ||     1
Dodge: Dodged            ||    31
